 Dungeon Crawl Stone Soup version 0.21-a0-434-g806c6c2 (webtiles) character file.

549 varam the Reanimator (level 7, -1/46 HPs)
             Began as a Human Necromancer on Nov 8, 2017.
             Was an Initiate of Yredelemnul.
             Slain by a hippogriff (3 damage)
             ... on level 7 of the Dungeon.
             The game lasted 00:19:09 (5824 turns).

varam the Reanimator (Human Necromancer)            Turns: 5824, Time: 00:19:10

Health: -1/46      AC:  6    Str: 10    XL:     7   Next: 54%
Magic:  1/10       EV: 12    Int: 16    God:    Yredelemnul [......]
Gold:   179        SH:  0    Dex: 13    Spells: 1/10 levels left

rFire    x . .     SeeInvis .   E - +0 quarterstaff
rCold    + . .     Gourm    .   (shield currently unavailable)
rNeg     + . .     Faith    .   f - +2 leather armour {rN+}
rPois    .         Spirit   .   (no helmet)
rElec    .         Reflect  .   (no cloak)
rCorr    .         Harm     .   (no gloves)
MR       .....                  D - +0 pair of boots
Stlth    ++........             (no amulet)
HPRegen  0.15/turn              r - ring of ice
MPRegen  0.12/turn              (no ring)

@: no status effects
A: no striking features
a: Renounce Religion


You were on level 7 of the Dungeon.
You worshipped Yredelemnul.
Yredelemnul was noncommittal.
You were not hungry.

You visited 1 branch of the dungeon, and saw 7 of its levels.

You collected 179 gold pieces.

Inventory:

Hand Weapons
 E - a +0 quarterstaff (weapon)
Missiles
 t - 86 stones (quivered)
Armour
 a - a +0 robe
 f - a +2 leather armour of positive energy (worn)
 D - a +0 pair of boots (worn)
Jewellery
 k - an uncursed amulet of faith
 r - a ring of ice (left hand)
Wands
 q - a wand of scattershot (2/9)
 v - a wand of random effects (21/48)
 y - a wand of lightning (7/15)
 C - a wand of acid (9/15)
Scrolls
 e - 6 scrolls of identify {unknown}
 g - a scroll of teleportation {unknown}
 i - 2 scrolls of remove curse {unknown}
 j - 2 scrolls of recharging {unknown}
 l - 3 scrolls of enchant armour {unknown}
 u - a scroll of noise {unknown}
 B - a scroll of magic mapping {unknown}
 F - a scroll of fog {unknown}
 G - a scroll of blinking {unknown}
Potions
 d - 3 potions of curing {unknown}
 h - 2 potions of haste {unknown}
 m - a potion of cancellation {unknown}
 n - a potion of heal wounds {unknown}
 o - a potion of magic {unknown}
 p - a potion of lignification {unknown}
 w - 2 potions of brilliance {unknown}
 x - a potion of resistance {unknown}
 A - a potion of might {unknown}
Books
 b - a book of Necromancy

   Spells                             Type                      Level
   a - Pain                           Necromancy                   1
   b - Animate Skeleton               Necromancy                   1
   c - Vampiric Draining              Necromancy                   3
   d - Regeneration                   Charms/Necromancy            3
   e - Animate Dead                   Necromancy                   4
   f - Control Undead                 Necromancy                   4
 s - a book of Flames

   Spells                             Type                      Level
   a - Flame Tongue                   Conjuration/Fire             1
   b - Throw Flame                    Conjuration/Fire             2
   c - Conjure Flame                  Conjuration/Fire             3
   d - Inner Flame                    Hexes/Fire                   3
   e - Sticky Flame                   Conjuration/Fire             4
   f - Fireball                       Conjuration/Fire             5
Comestibles
 c - 4 bread rations
 z - 2 royal jellies
 H - a meat ration


   Skills:
 - Level 2.0 Dodging
 - Level 2.0 Stealth
 - Level 2.0 Spellcasting
 + Level 8.6 Necromancy


You had one spell level left.
You knew the following spells:

 Your Spells              Type           Power        Failure   Level  Hunger
a - Pain                  Necr           ####         1%          1    #......
b - Animate Skeleton      Necr           N/A          1%          1    #......
c - Vampiric Draining     Necr           ####......   2%          3    ###....
d - Animate Dead          Necr           N/A          8%          4    #####..


Dungeon Overview and Level Annotations

Branches:
Dungeon (7/15)             Temple (0/1) D:4

Altars:
Cheibriados
Gozag
Makhleb
Yredelemnul

Annotations:
D:5 Blork the orc


Message History

Confirm with . or Enter, or press ? or * to list all spells.
Aiming: Pain
Press: ? - help, Shift-Dir - straight line, f/p - hippogriff
Aim: a hippogriff (heavily wounded, chance to defeat MR: 81%)
The hippogriff writhes in agony!
The hippogriff bites you. The hippogriff barely misses you.
The hippogriff claws you. The hippogriff bites you.
* * * LOW HITPOINT WARNING * * *
The hippogriff pecks you but does no damage.
The hippogriff claws you.
* * * LOW HITPOINT WARNING * * *
Casting: Pain
Confirm with . or Enter, or press ? or * to list all spells.
Aiming: Pain
Press: ? - help, Shift-Dir - straight line, f/p - hippogriff
Aim: a hippogriff (severely wounded, chance to defeat MR: 81%)
The hippogriff writhes in agony!
The hippogriff barely misses you. The hippogriff pecks you.
You die...
Your body rises from the dead as a mindless zombie.

#######.## #.#
#.# #.# #... #.#
>... #.####.###
....
####.........
....
#.........###
.... #@#########
.... #H# #...###
####.#
#....#######....#
#............####
#....#########
######


You could see a hippogriff.

Vanquished Creatures
  An ogre (D:6)
  A centaur (D:6)
  A scorpion (D:6)
  3 hounds
  2 orc priests
  An orc wizard (D:6)
  2 worker ants
  A howler monkey skeleton (D:6)
  An adder (D:6)
  An ooze (D:4)
  An adder skeleton (D:4)
  2 adder zombies
  A worm (D:4)
  A dart slug (D:1)
  4 leopard geckos
  7 orcs
  2 ball pythons
  5 bats (D:3)
  2 giant cockroaches (D:1)
  A gnoll zombie (D:3)
  4 goblins
  4 hobgoblins
  6 jackals
  A quokka (D:6)
  8 frilled lizards
  11 kobolds
  2 leopard gecko zombies (D:5)
  13 rats
89 creatures vanquished.

Vanquished Creatures (collateral kills)
  A gnoll zombie (D:3)
1 creature vanquished.

Vanquished Creatures (others)
  A hound (D:5)
  An adder (D:5)
2 creatures vanquished.

Grand Total: 92 creatures vanquished

Notes
Turn   | Place    | Note
-------+----------+-------------------------------------------
     0 | D:1      | varam the Human Necromancer began the quest for the Orb.
     0 | D:1      | Reached XP level 1. HP: 13/13 MP: 3/3
   422 | D:1      | Reached XP level 2. HP: 17/19 MP: 1/5
   425 | D:1      | Learned a level 1 spell: Animate Skeleton
   700 | D:1      | Reached XP level 3. HP: 13/24 MP: 3/6
   961 | D:1      | Reached skill level 5 in Necromancy
  1274 | D:2      | Found a burning altar of Makhleb.
  2037 | D:3      | Reached XP level 4. HP: 7/30 MP: 0/7
  2361 | D:3      | Learned a level 3 spell: Vampiric Draining
  2597 | D:4      | Reached skill level 6 in Necromancy
  2597 | D:4      | Reached XP level 5. HP: 31/35 MP: 3/8
  2879 | D:3      | Found a basalt altar of Yredelemnul.
  3002 | D:3      | Found a snail-covered altar of Cheibriados.
  3230 | D:3      | Became a worshipper of Yredelemnul the Dark
  3391 | D:4      | Found a staircase to the Ecumenical Temple.
  3515 | D:4      | Reached XP level 6. HP: 37/41 MP: 7/9
  3747 | D:5      | Entered Level 5 of the Dungeon
  3793 | D:5      | Reached skill level 7 in Necromancy
  3915 | D:5      | Learned a level 4 spell: Animate Dead
  4387 | D:5      | Noticed Blork the orc
  4566 | D:6      | Found an opulent altar of Gozag.
  4603 | D:6      | Noticed an ogre
  4641 | D:6      | Reached * piety under Yredelemnul
  4641 | D:6      | Reached XP level 7. HP: 29/46 MP: 5/10
  4892 | D:6      | Reached skill level 8 in Necromancy
  5734 | D:7      | Found a snail-covered altar of Cheibriados.
  5792 | D:7      | Noticed a hippogriff
  5821 | D:7      | HP: 3/46 [hippogriff (5)]
  5824 | D:7      | Slain by a hippogriff

Vault maps used:
D:1:      dpeg_arrival_three_same_balls, minmay_misc_feat_rugged
D:2:      nicolae_overflow_crystal_walls, first_bread, grunt_decor_fettered
D:3:      lemuel_round_altar, lemuel_zombie_altar_yredelemnul
D:4:      minmay_temple_entry_mist, roderic_roman_lattice
D:5:      serial_shops, shop, xom_confusion_cloud, uniq_blork_the_orc
D:6:      lemuel_round_altar
D:7:      amethyst_overflow_temple_binary, cheibriados_altar_1

Skill      XL: |  1  2  3  4  5  6  7 |
---------------+----------------------+-----
Necromancy     | 5 6 7 8 |  8.6
Dodging        | |  2.0
Stealth        | |  2.0
Spellcasting   | |  2.0

Action                   |  1- 3 |  4- 6 |  7- 9 || total
-------------------------+-------+-------+-------++-------
Melee: Unarmed           |     7 |    17 |       ||    24
       Flail             |       |    85 |    13 ||    98
       Quarterstaff      |       |       |    10 ||    10
 Cast: Pain              |    65 |    46 |    22 ||   133
       Animate Skeleton  |     3 |     1 |       ||     4
       Animate Dead      |       |     1 |     2 ||     3
       Vampiric Draining |       |       |     4 ||     4
 Stab: Sleeping          |     1 |     1 |     1 ||     3
  Eat: Chunk             |     4 |     6 |     1 ||    11
       Meat ration       |       |     1 |       ||     1
       Bread ration      |       |       |     1 ||     1
Armor: Robe              |     6 |       |       ||     6
       Leather armour    |       |    39 |    12 ||    51
Dodge: Dodged            |    15 |    93 |    19 ||   127

Table legend:
 A = Spawn XP
 B = Non-spawn XP
 C = Spawn XP percentage of total XP
 D = Spawn monster count
 E = Non-spawn monster count
 F = Spawn count percentage of total count
 G = Total turns spent on level
                    A         B        C        D         E        F      G
               +---------+---------+-------+---------+---------+-------+---------
         Total |       0 |     785 |   0.0 |       0 |      90 |   0.0 |  5824
               +---------+---------+-------+---------+---------+-------+---------
           D:1 |       0 |      49 |   0.0 |       0 |      32 |   0.0 |  1174
           D:2 |       0 |      10 |   0.0 |       0 |       6 |   0.0 |   710
           D:3 |       0 |      78 |   0.0 |       0 |      22 |   0.0 |  1511
           D:4 |       0 |     140 |   0.0 |       0 |       9 |   0.0 |   724
           D:5 |       0 |      49 |   0.0 |       0 |       8 |   0.0 |   290
           D:6 |       0 |     454 |   0.0 |       0 |      12 |   0.0 |  1294
           D:7 |       0 |       5 |   0.0 |       0 |       1 |   0.0 |   121
               +---------+---------+-------+---------+---------+-------+---------
